Condors vs Senators
Created - May 10, 2024 at 20:58
Goals
|
| Condors |
1 |
2 |
5 |
8 |
| Senators |
1 |
1 |
1 |
3 |
|
Shots
|
| Condors |
16 |
7 |
12 |
35 |
| Senators |
18 |
9 |
11 |
38 |
|
1st period
1. Condors , Connor Hurley 10 (Taro Hirose 26, Kiefer Sherwood 16) at 1:46
2. Senators , C.J Suess 33 (Martin Fehervary 7, Kevin Rooney 33) at 18:27
Penalties :
Christoph Bertschy (Bel) for Hooking (Minor) at 4:06
2nd period
3. Senators , Kevin Rooney 19 (Carl Grundstrom 21, C.J Suess 35) at 3:01
4. Condors , Philippe Myers 5 (Kailer Yamamoto 29, Garret Sparks) at 15:39
5. Condors , Adam Erne 49 (Nick Shore 70) at 15:54
Penalties :
Mason Appleton (Bel) for Interference (Minor) at 7:58, Adam Erne (Bak) for Cross-checking (Minor) at 16:18
3rd period
6. Condors , Brett Lernout 4 (Jason Robertson 41, Christian Fischer 15) at 2:55
7. Condors , Nick Shore 41 (Adam Erne 57) at 2:59
8. Condors , Nick Shore 42 (Adam Erne 58, Alexander Alexeyev 4) at 9:33
9. Condors , Kailer Yamamoto 28 (Phil McRae 45, Alexander Alexeyev 5) at 11:41
10. Senators , Mason Appleton 20 (Christoph Bertschy 87, Zachary Sanford 65) at 11:55
11. Condors , Nick Shore 43 (Adam Erne 59, Patrik Laine 48) at 17:45 (PP)
Penalties :
Nick Shore (Bak) for High sticking (Minor) at 4:44, Grant Besse (Bel) for Interference (Minor) at 13:00, Grant Besse (Bel) for Tripping (Minor) at 16:20, Adam Erne (Bak) for Holding (Minor) at 18:52
Goalie Stats
Garret Sparks (Bak), 35 saves from 38 shots - (0.921), W, 34-26-3, 60:00 minutes
Arvid Soderblom (Bel), 4 saves from 6 shots - (0.667), 10:27 minutes
David Rittich (Bel), 23 saves from 29 shots - (0.793), L, 24-28-3, 49:33 minutes
Players Stats for Condors
Player Name G A P +/- PIM S H SB GA TA FO MP PP MP PK MP
------------------------------------------------------------------------------------
Adam Erne 1 3 4 1 4 4 0 0 2 0 0/0 21:14 3:48 0:20
Alexander Alexeyev 0 2 2 2 0 0 1 2 0 0 0/0 11:39 0:00 0:00
Alexandre Carrier 0 0 0 0 0 3 1 2 1 1 0/0 26:54 4:26 3:00
Brett Lernout 1 0 1 0 0 2 4 2 1 0 0/0 26:46 4:26 3:00
Christian Fischer 0 1 1 2 0 3 0 0 1 0 1/2 16:13 3:27 0:00
Connor Hurley 1 0 1 1 0 3 0 0 0 1 1/1 7:15 0:00 0:00
Emil Djuse 0 0 0 2 0 0 1 0 1 0 0/0 11:39 0:00 0:00
Filip Kral 0 0 0 0 0 0 0 0 0 0 0/0 3:00 0:00 0:00
Gustav Olofsson 0 0 0 2 0 1 1 0 0 0 0/0 18:35 2:56 2:05
Jason Robertson 0 1 1 2 0 1 1 0 1 0 0/0 17:37 3:27 1:24
Kailer Yamamoto 1 1 2 0 0 3 0 0 0 0 0/0 10:31 0:07 0:00
Kiefer Sherwood 0 1 1 1 0 0 0 0 0 0 0/0 10:52 0:07 2:55
Klim Kostin 0 0 0 0 0 0 1 0 0 0 0/0 11:06 0:07 0:14
Nick Shore 3 1 4 1 2 5 0 2 2 1 18/29 20:34 3:48 0:00
Patrik Laine 0 1 1 1 0 5 1 0 0 0 1/4 21:49 3:48 0:53
Phil McRae 0 1 1 0 0 2 3 0 1 0 3/7 14:40 3:27 1:24
Philippe Myers 1 0 1 2 0 1 2 1 0 1 0/0 21:27 2:56 2:05
Taro Hirose 0 1 1 1 0 1 0 0 0 0 0/0 7:15 0:00 0:00
Tyson Jost 0 0 0 2 0 1 0 0 0 0 6/11 15:46 0:00 3:00
Players Stats for Senators
Player Name G A P +/- PIM S H SB GA TA FO MP PP MP PK MP
------------------------------------------------------------------------------------
Akil Thomas 0 0 0 -1 0 0 1 0 0 0 1/2 7:16 0:00 1:09
Arttu Ruotsalainen 0 0 0 -1 0 0 0 0 0 0 2/5 13:21 0:00 0:00
Bryce Kindopp 0 0 0 0 0 0 0 0 0 0 0/0 0:00 0:00 0:00
C.J Suess 1 1 2 -1 0 5 4 0 1 0 0/0 19:32 2:22 2:39
Carl Grundstrom 0 1 1 -1 0 1 2 1 0 0 0/0 17:11 2:22 0:00
Christoph Bertschy 0 1 1 -1 2 5 4 0 0 2 13/30 19:12 2:43 3:05
Grant Besse 0 0 0 -1 4 0 0 0 0 1 0/0 13:19 0:00 0:00
Joonas Lyytinen 0 0 0 -3 0 1 2 0 0 0 0/0 19:52 1:53 2:53
Jordan Schmaltz 0 0 0 -1 0 4 2 0 2 2 0/0 28:27 3:12 4:29
Keegan Lowe 0 0 0 -1 0 2 0 4 0 3 0/0 28:27 3:12 4:29
Kevin Rooney 1 1 2 -1 0 10 1 1 1 0 6/9 18:35 2:22 1:33
Marc Michaelis 0 0 0 -1 0 3 1 0 0 0 1/3 15:51 0:03 2:04
Martin Fehervary 0 1 1 0 0 0 1 0 0 0 0/0 11:41 0:00 0:00
Mason Appleton 1 0 1 -1 2 1 2 1 0 0 1/3 16:50 2:43 0:00
Mason Geertsen 0 0 0 0 0 0 2 1 0 1 0/0 11:41 0:00 0:00
Nikita Nesterov 0 0 0 -3 0 1 1 1 0 0 0/0 19:52 1:53 2:53
Tomas Hyka 0 0 0 -1 0 0 0 0 0 0 0/0 6:07 0:00 0:00
Zachary Sanford 0 1 1 -2 0 5 0 2 0 1 0/2 25:20 2:40 4:14
3 Stars
1 - Nick Shore (Bak)
2 - Adam Erne (Bak)
3 - Philippe Myers (Bak)
Power Play
Condors - 1 on 4 Attempt(s) - 25.00%
Senators - 0 on 3 Attempt(s) - 0.00%
Penalty Kill
Condors - 3 on 3 Attempt(s) - 100.00%
- Score 0 goal in Penalty Kill
Senators - 3 on 4 Attempt(s) - 75.00%
- Score 0 goal in Penalty Kill
Team Stat
Condors - Hits : 16 - Faceoff Wins : 30 - Blocked Shots : 9 - Penalty Minutes : 6
Senators - Hits : 23 - Faceoff Wins : 24 - Blocked Shots : 11 - Penalty Minutes : 8
Official
Referees : Frederick L'Ecuyer and Francis Charron
Linesman : Trent Knorr and Steve Barton
Game Notes
Arvid Soderblom enters game at 9:33 of 3rd period
Nick Shore has scored a Hat Trick!
Finance
Level 1 -- Attendance: 1726 (86.30%) -- Ticket Income $120,820
Level 2 -- Attendance: 877 (87.70%) -- Ticket Income $35,080
Total Attendance: 2603 (86.77%)
Total Ticket Income: $155,900
Other Income: $7,795
Total Income: $163,695
Condors
5 vs 5 Forward
Center Left Wing Right Wing Time % Phy DF OF
1 Nick Shore Adam Erne Patrik Laine 40 1 2 2
2 Tyson Jost Jason Robertson Christian Fischer 30 1 2 2
3 Phil McRae Klim Kostin Kailer Yamamoto 20 1 2 2
4 Connor Hurley Taro Hirose Kiefer Sherwood 10 1 2 2
5 vs 5 Defense
Defense Defense Time % Phy DF OF
1 Brett Lernout Alexandre Carrier 40 1 2 2
2 Philippe Myers Gustav Olofsson 30 1 2 2
3 Emil Djuse Alexander Alexeyev 20 1 2 2
4 Filip Kral Philippe Myers 10 1 2 2
PowerPlay Forward
Center Left Wing Right Wing Time % Phy DF OF
1 Phil McRae Jason Robertson Christian Fischer 60 1 2 2
2 Nick Shore Adam Erne Patrik Laine 40 1 2 2
PowerPlay Defense
Defense Defense Time % Phy DF OF
1 Brett Lernout Alexandre Carrier 60 1 2 2
2 Philippe Myers Gustav Olofsson 40 1 2 2
Penalty Kill 4 Players Forward
Center Wing Time % Phy DF OF
1 Tyson Jost Kiefer Sherwood 60 1 2 2
2 Phil McRae Jason Robertson 40 1 2 2
Penalty Kill 4 Players Defense
Defense Defense Time % Phy DF OF
1 Brett Lernout Alexandre Carrier 60 1 2 2
2 Philippe Myers Gustav Olofsson 40 1 2 2
Penalty Kill - 3 Players Forward
Forward Time % Phy DF OF
1 Tyson Jost 60 1 2 2
2 Phil McRae 40 1 2 2
Penalty Kill - 3 Players Defense
Defense Defense Time % Phy DF OF
1 Brett Lernout Alexandre Carrier 60 1 2 2
2 Philippe Myers Gustav Olofsson 40 1 2 2
4 vs 4 Forward
Center Wing Time % Phy DF OF
1 Phil McRae Adam Erne 60 1 2 2
2 Tyson Jost Jason Robertson 40 1 2 2
4 vs 4 Defense
Defense Defense Time % Phy DF OF
1 Brett Lernout Alexandre Carrier 60 1 2 2
2 Philippe Myers Gustav Olofsson 40 1 2 2
Last Minutes Offensive
Center Left Wing Right Wing Defense Defense
Phil McRae Adam Erne Christian Fischer Brett Lernout Alexandre Carrier
Last Minutes Defensive
Center Left Wing Right Wing Defense Defense
Phil McRae Adam Erne Christian Fischer Brett Lernout Alexandre Carrier
Goaltenders
Starting : Garret Sparks
Backup : Harru Sateri
Extra Forwards
Normal : Patrik Laine, Kiefer Sherwood, Tyson Jost - PP : Patrik Laine, Kiefer Sherwood - PK : Patrik Laine
Extra Defensemen
Normal : Emil Djuse, Alexander Alexeyev, Filip Kral - PP : Emil Djuse - PK : Emil Djuse, Alexander Alexeyev
Penalty Shots
Christian Fischer, Adam Erne, Jason Robertson, Phil McRae, Patrik Laine
Custom OT Lines Forwards
Christian Fischer, Adam Erne, Jason Robertson, Phil McRae, Patrik Laine, Kiefer Sherwood, Tyson Jost, Kailer Yamamoto, Taro Hirose, Connor Hurley
Custom OT Lines Defensemen
Brett Lernout, Alexandre Carrier, Philippe Myers, Gustav Olofsson, Emil Djuse
Scratches
Ryan McLeod (Healthy), Pontus Holmberg (Healthy), Cole Cassels (Healthy), Colin White (Healthy), Semyon Der-Arguchintsev (Healthy)
Jacob Larsson (Healthy), Jeremy Gregoire (Healthy), Jordan Subban (Healthy), Robin Salo (Healthy), Remi Elie (Healthy)
Filip Johansson (Healthy), Nikolai Knyzhov (Healthy), Lucas Johansen (Healthy), C.J. Smith (Healthy), Cole Fonstad (Healthy)
Jack Perbix (Healthy), Jaxson Stauber (Healthy), Stuart Skinner (Healthy)
Senators
5 vs 5 Forward
Center Left Wing Right Wing Time % Phy DF OF
1 Christoph Bertschy Zachary Sanford Mason Appleton 40 0 1 4
2 Kevin Rooney C.J Suess Carl Grundstrom 30 0 2 3
3 Arttu Ruotsalainen Marc Michaelis Grant Besse 20 1 2 2
4 Akil Thomas Zachary Sanford Tomas Hyka 10 1 3 1
5 vs 5 Defense
Defense Defense Time % Phy DF OF
1 Jordan Schmaltz Keegan Lowe 40 0 3 2
2 Joonas Lyytinen Nikita Nesterov 30 0 3 2
3 Mason Geertsen Martin Fehervary 20 1 2 2
4 Jordan Schmaltz Keegan Lowe 10 1 2 2
PowerPlay Forward
Center Left Wing Right Wing Time % Phy DF OF
1 Christoph Bertschy Zachary Sanford Mason Appleton 60 0 0 5
2 Kevin Rooney C.J Suess Carl Grundstrom 40 0 0 5
PowerPlay Defense
Defense Defense Time % Phy DF OF
1 Jordan Schmaltz Keegan Lowe 60 0 0 5
2 Joonas Lyytinen Nikita Nesterov 40 0 0 5
Penalty Kill 4 Players Forward
Center Wing Time % Phy DF OF
1 Christoph Bertschy Zachary Sanford 60 1 4 0
2 Kevin Rooney C.J Suess 40 1 4 0
Penalty Kill 4 Players Defense
Defense Defense Time % Phy DF OF
1 Jordan Schmaltz Keegan Lowe 60 1 4 0
2 Joonas Lyytinen Nikita Nesterov 40 1 4 0
Penalty Kill - 3 Players Forward
Forward Time % Phy DF OF
1 Christoph Bertschy 60 1 4 0
2 Kevin Rooney 40 1 4 0
Penalty Kill - 3 Players Defense
Defense Defense Time % Phy DF OF
1 Jordan Schmaltz Keegan Lowe 60 1 4 0
2 Joonas Lyytinen Nikita Nesterov 40 1 4 0
4 vs 4 Forward
Center Wing Time % Phy DF OF
1 Christoph Bertschy Zachary Sanford 60 1 2 2
2 Kevin Rooney C.J Suess 40 1 2 2
4 vs 4 Defense
Defense Defense Time % Phy DF OF
1 Jordan Schmaltz Keegan Lowe 60 1 2 2
2 Joonas Lyytinen Nikita Nesterov 40 1 2 2
Last Minutes Offensive
Center Left Wing Right Wing Defense Defense
Christoph Bertschy Zachary Sanford Mason Appleton Jordan Schmaltz Keegan Lowe
Last Minutes Defensive
Center Left Wing Right Wing Defense Defense
Christoph Bertschy Zachary Sanford Mason Appleton Jordan Schmaltz Keegan Lowe
Goaltenders
Starting : David Rittich
Backup : Arvid Soderblom
Extra Forwards
Normal : Marc Michaelis, Mason Appleton, Carl Grundstrom - PP : Marc Michaelis, Mason Appleton - PK : Marc Michaelis
Extra Defensemen
Normal : Nikita Nesterov, Mason Geertsen, Martin Fehervary - PP : Nikita Nesterov - PK : Nikita Nesterov, Mason Geertsen
Penalty Shots
Zachary Sanford, Christoph Bertschy, C.J Suess, Kevin Rooney, Marc Michaelis
Custom OT Lines Forwards
Zachary Sanford, Christoph Bertschy, C.J Suess, Kevin Rooney, Marc Michaelis, Mason Appleton, Carl Grundstrom, Grant Besse, Tomas Hyka, Arttu Ruotsalainen
Custom OT Lines Defensemen
Jordan Schmaltz, Keegan Lowe, Joonas Lyytinen, Nikita Nesterov, Mason Geertsen
Scratches
Anton Karlsson (Healthy), David Kase (Healthy), Ivan Morozov (Healthy), Gustav Forsling (Healthy), Jacob De La Rose (Bruised Left Foot Injury)
Jonas Siegenthaler (Healthy), Alec Regula (Healthy), Vitaly Abramov (Healthy), Cliff Pu (Healthy), Olivier Rodrigue (Healthy)
Olle Eriksson Ek (Healthy)
% Time on Ice - Condors
Lines # - Real PCT - Wanted PCT - Time Play
Normal Forward
1 - 37% - 40% - 17:42
2 - 27% - 30% - 12:47
3 - 21% - 20% - 9:49
4 - 15% - 10% - 7:15
Normal Defense
1 - 41% - 40% - 19:20
2 - 29% - 30% - 13:34
3 - 25% - 20% - 11:39
4 - 6% - 10% - 3:00
PP Forward
1 - 48% - 60% - 3:34
2 - 52% - 40% - 3:48
PP Defense
1 - 60% - 60% - 4:26
2 - 40% - 40% - 2:56
PK Forward
1 - 72% - 60% - 3:41
2 - 28% - 40% - 1:24
PK Defense
1 - 59% - 60% - 3:00
2 - 41% - 40% - 2:05
PK3 Forward
1 - 0% - 60%
2 - 0% - 40%
PK3 Defense
1 - 0% - 60%
2 - 0% - 40%
44 Forward
1 - 0% - 60%
2 - 0% - 40%
44 Defense
1 - 0% - 60%
2 - 0% - 40%
Last Minute Offensive - 0:00
Last Minute Defensive - 0:00
Total
Forward - 60:00
Defense - 60:00
|
% Time on Ice - Senators
Lines # - Real PCT - Wanted PCT - Time Play
Normal Forward
1 - 28% - 40% - 13:25
2 - 31% - 30% - 14:40
3 - 28% - 20% - 13:21
4 - 13% - 10% - 6:07
Normal Defense
1 - 39% - 40% - 18:23
2 - 32% - 30% - 15:06
3 - 25% - 20% - 11:41
4 - 5% - 10% - 2:23
PP Forward
1 - 53% - 60% - 2:43
2 - 47% - 40% - 2:22
PP Defense
1 - 63% - 60% - 3:12
2 - 37% - 40% - 1:53
PK Forward
1 - 79% - 60% - 5:49
2 - 21% - 40% - 1:33
PK Defense
1 - 61% - 60% - 4:29
2 - 39% - 40% - 2:53
PK3 Forward
1 - 0% - 60%
2 - 0% - 40%
PK3 Defense
1 - 0% - 60%
2 - 0% - 40%
44 Forward
1 - 0% - 60%
2 - 0% - 40%
44 Defense
1 - 0% - 60%
2 - 0% - 40%
Last Minute Offensive - 0:00
Last Minute Defensive - 0:00
Total
Forward - 60:00
Defense - 60:00
|
Play-by-Play
1st period
0:01 of 1st period - Nick Shore wins face-off versus Christoph Bertschy in neutral zone.
0:14 of 1st period - Off-side.
0:15 of 1st period - Kevin Rooney wins face-off versus Tyson Jost in neutral zone.
1:26 of 1st period - Wrist shot by Kevin Rooney.
1:26 of 1st period - Stopped by Garret Sparks with a rebound.
1:30 of 1st period - Snap shot by Kevin Rooney.
1:30 of 1st period - Stopped by Garret Sparks with a rebound.
1:44 of 1st period - Slapshot by Taro Hirose.
1:44 of 1st period - Shot Blocked by Keegan Lowe.
1:46 of 1st period - Wrist shot by Connor Hurley.
1:46 of 1st period - Goal by Connor Hurley - Condors : 1 - Senators : 0.
1:47 of 1st period - Akil Thomas wins face-off versus Nick Shore in neutral zone.
2:16 of 1st period - Wrist shot by Kevin Rooney.
2:16 of 1st period - Stopped by Garret Sparks with a rebound.
2:18 of 1st period - Snap shot by C.J Suess.
2:18 of 1st period - Stopped by Garret Sparks with a rebound.
2:36 of 1st period - Snap shot by Jason Robertson.
2:36 of 1st period - Shot Misses the Net.
3:22 of 1st period - Snap shot by Kevin Rooney.
3:22 of 1st period - Stopped by Garret Sparks without a rebound.
3:23 of 1st period - Marc Michaelis wins face-off versus Tyson Jost in Condors zone.
3:32 of 1st period - Wrist shot by Christian Fischer.
3:32 of 1st period - Stopped by David Rittich with a rebound.
3:34 of 1st period - Snap shot by Christian Fischer.
3:34 of 1st period - Shot Blocked by Keegan Lowe.
3:36 of 1st period - Backhand shot by Christian Fischer.
3:36 of 1st period - Stopped by David Rittich without a rebound.
3:37 of 1st period - Nick Shore wins face-off versus Christoph Bertschy in Senators zone.
3:42 of 1st period - Slapshot by Patrik Laine.
3:42 of 1st period - Stopped by David Rittich with a rebound.
3:44 of 1st period - Backhand shot by Alexandre Carrier.
3:44 of 1st period - Deflect By Nick Shore.
3:44 of 1st period - Shot Misses the Net.
3:44 of 1st period - Puck is out of play.
3:45 of 1st period - Nick Shore wins face-off versus Christoph Bertschy in Senators zone.
3:58 of 1st period - Snap shot by Adam Erne.
3:58 of 1st period - Stopped by David Rittich with a rebound.
4:06 of 1st period - Minor Penalty to Christoph Bertschy for Hooking.
4:07 of 1st period - Phil McRae wins face-off versus Marc Michaelis in Senators zone.
4:14 of 1st period - Snap shot by Marc Michaelis.
4:14 of 1st period - Stopped by Garret Sparks with a rebound.
4:16 of 1st period - Snap shot by Zachary Sanford.
4:16 of 1st period - Shot Blocked by Brett Lernout.
4:18 of 1st period - Slapshot by Keegan Lowe.
4:18 of 1st period - Stopped by Garret Sparks without a rebound.
4:19 of 1st period - Christian Fischer wins face-off versus Marc Michaelis in Condors zone.
4:26 of 1st period - Zachary Sanford is hit by Phil McRae and loses puck.
6:06 of 1st period - Penalty to Christoph Bertschy is over, Christoph Bertschy is back on ice.
6:14 of 1st period - Wrist shot by Connor Hurley.
6:14 of 1st period - Stopped by David Rittich with a rebound.
6:33 of 1st period - Off-side.
6:34 of 1st period - Phil McRae wins face-off versus Christoph Bertschy in neutral zone.
6:59 of 1st period - Philippe Myers is hit by Mason Geertsen and loses puck.
7:34 of 1st period - Nikita Nesterov is hit by Jason Robertson.
8:02 of 1st period - Alexander Alexeyev is hit by Christoph Bertschy and loses puck.
8:33 of 1st period - Jordan Schmaltz is hit by Phil McRae and loses puck.
9:00 of 1st period - Alexandre Carrier is hit by Jordan Schmaltz and loses puck.
9:13 of 1st period - Slapshot by Grant Besse.
9:13 of 1st period - Deflect By Marc Michaelis.
9:13 of 1st period - Stopped by Garret Sparks without a rebound.
9:14 of 1st period - Connor Hurley wins face-off versus Arttu Ruotsalainen in Condors zone.
9:25 of 1st period - Wrist shot by Taro Hirose.
9:25 of 1st period - Deflect By Connor Hurley.
9:25 of 1st period - Stopped by David Rittich without a rebound.
9:26 of 1st period - Nick Shore wins face-off versus Kevin Rooney in Senators zone.
9:55 of 1st period - Slapshot by Christian Fischer.
9:55 of 1st period - Shot Misses the Net.
9:57 of 1st period - Slapshot by Tyson Jost.
9:57 of 1st period - Stopped by David Rittich without a rebound.
9:58 of 1st period - Nick Shore wins face-off versus Christoph Bertschy in Senators zone.
10:03 of 1st period - Slapshot by Nick Shore.
10:03 of 1st period - Shot Misses the Net.
10:05 of 1st period - Wrist shot by Adam Erne.
10:05 of 1st period - Shot Misses the Net.
10:07 of 1st period - Slapshot by Philippe Myers.
10:07 of 1st period - Deflect By Patrik Laine.
10:07 of 1st period - Shot Blocked by Keegan Lowe.
10:07 of 1st period - Puck is out of play.
10:08 of 1st period - Christoph Bertschy wins face-off versus Nick Shore in Senators zone.
10:13 of 1st period - Adam Erne is hit by Christoph Bertschy and loses puck.
10:28 of 1st period - Snap shot by Zachary Sanford.
10:28 of 1st period - Stopped by Garret Sparks with a rebound.
10:30 of 1st period - Wrist shot by Christoph Bertschy.
10:30 of 1st period - Stopped by Garret Sparks with a rebound.
10:44 of 1st period - Snap shot by Christoph Bertschy.
10:44 of 1st period - Stopped by Garret Sparks with a rebound.
10:46 of 1st period - Wrist shot by Christoph Bertschy.
10:46 of 1st period - Stopped by Garret Sparks with a rebound.
10:55 of 1st period - Slapshot by Christoph Bertschy.
10:55 of 1st period - Deflect By Zachary Sanford.
10:55 of 1st period - Stopped by Garret Sparks without a rebound.
10:56 of 1st period - Kevin Rooney wins face-off versus Tyson Jost in Condors zone.
10:57 of 1st period - Snap shot by C.J Suess.
10:57 of 1st period - Shot Misses the Net.
11:11 of 1st period - Wrist shot by Jason Robertson.
11:11 of 1st period - Stopped by David Rittich without a rebound.
11:12 of 1st period - Arttu Ruotsalainen wins face-off versus Phil McRae in Senators zone.
11:12 of 1st period - Arttu Ruotsalainen is hit by Philippe Myers.
11:41 of 1st period - Off-side.
11:42 of 1st period - Kevin Rooney wins face-off versus Nick Shore in neutral zone.
11:45 of 1st period - Alexandre Carrier is hit by Carl Grundstrom and loses puck.
11:54 of 1st period - Snap shot by Nick Shore.
11:54 of 1st period - Stopped by David Rittich with a rebound.
11:58 of 1st period - Wrist shot by Patrik Laine.
11:58 of 1st period - Stopped by David Rittich with a rebound.
12:10 of 1st period - Snap shot by Kailer Yamamoto.
12:10 of 1st period - Stopped by David Rittich with a rebound.
12:12 of 1st period - Wrist shot by Alexandre Carrier.
12:12 of 1st period - Shot Misses the Net.
12:14 of 1st period - Wrist shot by Phil McRae.
12:14 of 1st period - Stopped by David Rittich without a rebound.
12:15 of 1st period - Phil McRae wins face-off versus Zachary Sanford in Senators zone.
12:18 of 1st period - Wrist shot by Kailer Yamamoto.
12:18 of 1st period - Stopped by David Rittich without a rebound.
12:19 of 1st period - Nick Shore wins face-off versus Christoph Bertschy in Senators zone.
12:20 of 1st period - Wrist shot by Adam Erne.
12:20 of 1st period - Stopped by David Rittich with a rebound.
12:55 of 1st period - Snap shot by Christian Fischer.
12:55 of 1st period - Stopped by David Rittich with a rebound.
13:01 of 1st period - Christian Fischer is hit by Kevin Rooney and loses puck.
13:20 of 1st period - Wrist shot by Phil McRae.
13:20 of 1st period - Shot Blocked by Keegan Lowe.
13:22 of 1st period - Snap shot by Phil McRae.
13:22 of 1st period - Shot Misses the Net.
13:44 of 1st period - Snap shot by Zachary Sanford.
13:44 of 1st period - Stopped by Garret Sparks without a rebound.
13:45 of 1st period - Christoph Bertschy wins face-off versus Nick Shore in Condors zone.
14:37 of 1st period - Nikita Nesterov is hit by Brett Lernout.
15:18 of 1st period - Slapshot by Kiefer Sherwood.
15:18 of 1st period - Shot Misses the Net.
15:46 of 1st period - Snap shot by C.J Suess.
15:46 of 1st period - Deflect By Kevin Rooney.
15:46 of 1st period - Stopped by Garret Sparks with a rebound.
15:48 of 1st period - Slapshot by Jordan Schmaltz.
15:48 of 1st period - Stopped by Garret Sparks without a rebound.
15:49 of 1st period - Christoph Bertschy wins face-off versus Nick Shore in Condors zone.
15:56 of 1st period - Wrist shot by Zachary Sanford.
15:56 of 1st period - Shot Misses the Net.
15:58 of 1st period - Wrist shot by Christoph Bertschy.
15:58 of 1st period - Shot Misses the Net.
16:00 of 1st period - Snap shot by Christoph Bertschy.
16:00 of 1st period - Shot Blocked by Nick Shore.
16:45 of 1st period - Snap shot by Zachary Sanford.
16:45 of 1st period - Shot Misses the Net.
16:47 of 1st period - Slapshot by Nikita Nesterov.
16:47 of 1st period - Stopped by Garret Sparks without a rebound.
16:48 of 1st period - Nick Shore wins face-off versus Akil Thomas in Condors zone.
16:55 of 1st period - Slapshot by Zachary Sanford.
16:55 of 1st period - Shot Misses the Net.
18:04 of 1st period - Wrist shot by Christian Fischer.
18:04 of 1st period - Shot Blocked by Zachary Sanford.
18:06 of 1st period - Snap shot by Brett Lernout.
18:06 of 1st period - Shot Blocked by Mason Appleton.
18:25 of 1st period - Slapshot by Martin Fehervary.
18:25 of 1st period - Shot Misses the Net.
18:27 of 1st period - Snap shot by C.J Suess.
18:27 of 1st period - Goal by C.J Suess - Condors : 1 - Senators : 1.
18:28 of 1st period - Christoph Bertschy wins face-off versus Nick Shore in neutral zone.
18:53 of 1st period - Philippe Myers is hit by C.J Suess and loses puck.
18:59 of 1st period - Off-side.
19:00 of 1st period - Nick Shore wins face-off versus Kevin Rooney in neutral zone.
19:03 of 1st period - Joonas Lyytinen is hit by Brett Lernout and loses puck.
19:10 of 1st period - Slapshot by Nikita Nesterov.
19:10 of 1st period - Shot Misses the Net.
19:12 of 1st period - Slapshot by C.J Suess.
19:12 of 1st period - Shot Misses the Net.
19:32 of 1st period - Wrist shot by Kevin Rooney.
19:32 of 1st period - Shot Blocked by Alexandre Carrier.
19:34 of 1st period - Slapshot by Kevin Rooney.
19:34 of 1st period - Shot Misses the Net.
Goals for this period are 1 for Condors vs 1 for Senators.
Shots for this period are 16 for Condors vs 18 for Senators.
2nd period
0:01 of 2nd period - Tyson Jost wins face-off versus Christoph Bertschy in neutral zone.
0:14 of 2nd period - Christian Fischer is hit by Christoph Bertschy and loses puck.
0:32 of 2nd period - Phil McRae is hit by Joonas Lyytinen and loses puck.
0:57 of 2nd period - Snap shot by Kevin Rooney.
0:57 of 2nd period - Shot Misses the Net.
0:59 of 2nd period - Snap shot by Joonas Lyytinen.
0:59 of 2nd period - Shot Blocked by Alexander Alexeyev.
1:01 of 2nd period - Wrist shot by Kevin Rooney.
1:01 of 2nd period - Stopped by Garret Sparks with a rebound.
1:03 of 2nd period - Backhand shot by Joonas Lyytinen.
1:03 of 2nd period - Shot Blocked by Nick Shore.
1:05 of 2nd period - Snap shot by Kevin Rooney.
1:05 of 2nd period - Shot Misses the Net.
1:57 of 2nd period - Wrist shot by Christian Fischer.
1:57 of 2nd period - Shot Misses the Net.
2:10 of 2nd period - Off-side.
2:11 of 2nd period - Kevin Rooney wins face-off versus Phil McRae in neutral zone.
2:14 of 2nd period - Phil McRae is hit by C.J Suess and loses puck.
2:21 of 2nd period - Wrist shot by Kevin Rooney.
2:21 of 2nd period - Stopped by Garret Sparks with a rebound.
2:57 of 2nd period - Snap shot by C.J Suess.
2:57 of 2nd period - Shot Misses the Net.
2:59 of 2nd period - Snap shot by Carl Grundstrom.
2:59 of 2nd period - Shot Misses the Net.
3:01 of 2nd period - Snap shot by Kevin Rooney.
3:01 of 2nd period - Goal by Kevin Rooney - Condors : 1 - Senators : 2.
3:02 of 2nd period - Christoph Bertschy wins face-off versus Christian Fischer in neutral zone.
3:34 of 2nd period - Wrist shot by Nick Shore.
3:34 of 2nd period - Shot Misses the Net.
3:36 of 2nd period - Snap shot by Nick Shore.
3:36 of 2nd period - Shot Misses the Net.
3:42 of 2nd period - Snap shot by Patrik Laine.
3:42 of 2nd period - Stopped by David Rittich with a rebound.
4:20 of 2nd period - Snap shot by Kailer Yamamoto.
4:20 of 2nd period - Shot Misses the Net.
4:32 of 2nd period - Christoph Bertschy is hit by Brett Lernout and loses puck.
5:11 of 2nd period - Snap shot by C.J Suess.
5:11 of 2nd period - Stopped by Garret Sparks with a rebound.
5:13 of 2nd period - Wrist shot by Carl Grundstrom.
5:13 of 2nd period - Stopped by Garret Sparks with a rebound.
5:17 of 2nd period - Snap shot by Carl Grundstrom.
5:17 of 2nd period - Deflect By Kevin Rooney.
5:17 of 2nd period - Stopped by Garret Sparks with a rebound.
5:19 of 2nd period - Snap shot by Mason Geertsen.
5:19 of 2nd period - Shot Misses the Net.
5:31 of 2nd period - Emil Djuse is hit by Christoph Bertschy and loses puck.
5:49 of 2nd period - Tyson Jost is hit by Marc Michaelis and loses puck.
6:53 of 2nd period - Icing by Keegan Lowe.
6:54 of 2nd period - Arttu Ruotsalainen wins face-off versus Patrik Laine in Senators zone.
7:13 of 2nd period - Slapshot by Keegan Lowe.
7:13 of 2nd period - Deflect By Christian Fischer.
7:13 of 2nd period - Stopped by Garret Sparks with a rebound.
7:29 of 2nd period - Wrist shot by Marc Michaelis.
7:29 of 2nd period - Deflect By Grant Besse.
7:29 of 2nd period - Shot Blocked by Philippe Myers.
7:29 of 2nd period - Puck is out of play.
7:30 of 2nd period - Nick Shore wins face-off versus Christoph Bertschy in Condors zone.
7:39 of 2nd period - Wrist shot by Nick Shore.
7:39 of 2nd period - Deflect By Patrik Laine.
7:39 of 2nd period - Stopped by David Rittich without a rebound.
7:40 of 2nd period - Nick Shore wins face-off versus Christoph Bertschy in Senators zone.
7:49 of 2nd period - Snap shot by Patrik Laine.
7:49 of 2nd period - Shot Blocked by Mason Geertsen.
7:51 of 2nd period - Snap shot by Adam Erne.
7:51 of 2nd period - Shot Blocked by Zachary Sanford.
7:53 of 2nd period - Wrist shot by Brett Lernout.
7:53 of 2nd period - Shot Misses the Net.
7:58 of 2nd period - Minor Penalty to Mason Appleton for Interference.
7:59 of 2nd period - Christoph Bertschy wins face-off versus Phil McRae in Senators zone.
9:58 of 2nd period - Penalty to Mason Appleton is over, Mason Appleton is back on ice.
10:04 of 2nd period - Joonas Lyytinen is hit by Alexandre Carrier.
11:16 of 2nd period - Alexandre Carrier is hit by C.J Suess and loses puck.
11:55 of 2nd period - Slapshot by Kailer Yamamoto.
11:55 of 2nd period - Shot Blocked by Kevin Rooney.
11:57 of 2nd period - Slapshot by Alexandre Carrier.
11:57 of 2nd period - Deflect By Martin Fehervary.
11:57 of 2nd period - Stopped by David Rittich with a rebound.
11:59 of 2nd period - Slapshot by Alexandre Carrier.
11:59 of 2nd period - Deflect By Phil McRae.
11:59 of 2nd period - Stopped by David Rittich with a rebound.
12:42 of 2nd period - Phil McRae is hit by C.J Suess and loses puck.
13:29 of 2nd period - Grant Besse is hit by Emil Djuse and loses puck.
13:40 of 2nd period - Alexander Alexeyev is hit by Akil Thomas and loses puck.
14:43 of 2nd period - Wrist shot by Mason Appleton.
14:43 of 2nd period - Shot Hit the Post.
15:13 of 2nd period - Slapshot by Taro Hirose.
15:13 of 2nd period - Stopped by David Rittich with a rebound.
15:39 of 2nd period - Snap shot by Philippe Myers.
15:39 of 2nd period - Goal by Philippe Myers - Condors : 2 - Senators : 2.
15:40 of 2nd period - Nick Shore wins face-off versus Christoph Bertschy in neutral zone.
15:48 of 2nd period - Icing by Nikita Nesterov.
15:49 of 2nd period - Nick Shore wins face-off versus Zachary Sanford in Senators zone.
15:54 of 2nd period - Wrist shot by Adam Erne.
15:54 of 2nd period - Goal by Adam Erne - Condors : 3 - Senators : 2.
15:55 of 2nd period - Mason Appleton wins face-off versus Nick Shore in neutral zone.
16:18 of 2nd period - Minor Penalty to Adam Erne for Cross-checking.
16:19 of 2nd period - Tyson Jost wins face-off versus Christoph Bertschy in Condors zone.
16:30 of 2nd period - Snap shot by Jordan Schmaltz.
16:30 of 2nd period - Shot Misses the Net.
16:32 of 2nd period - Snap shot by Mason Appleton.
16:32 of 2nd period - Shot Misses the Net.
16:34 of 2nd period - Slapshot by Jordan Schmaltz.
16:34 of 2nd period - Stopped by Garret Sparks with a rebound.
16:57 of 2nd period - Keegan Lowe is hit by Philippe Myers and loses puck.
17:15 of 2nd period - Snap shot by Jordan Schmaltz.
17:15 of 2nd period - Shot Misses the Net.
17:17 of 2nd period - Slapshot by Keegan Lowe.
17:17 of 2nd period - Shot Misses the Net.
17:19 of 2nd period - Backhand shot by C.J Suess.
17:19 of 2nd period - Stopped by Garret Sparks without a rebound.
17:20 of 2nd period - Christoph Bertschy wins face-off versus Tyson Jost in Condors zone.
17:35 of 2nd period - Backhand shot by Christoph Bertschy.
17:35 of 2nd period - Shot Misses the Net.
17:37 of 2nd period - Slapshot by Nikita Nesterov.
17:37 of 2nd period - Shot Misses the Net.
18:07 of 2nd period - Zachary Sanford is hit by Klim Kostin and loses puck.
18:18 of 2nd period - Penalty to Adam Erne is over, Adam Erne is back on ice.
19:04 of 2nd period - Marc Michaelis is hit by Phil McRae and loses puck.
Goals for this period are 2 for Condors vs 1 for Senators.
Shots for this period are 7 for Condors vs 9 for Senators.
3rd period
0:01 of 3rd period - Christoph Bertschy wins face-off versus Nick Shore in neutral zone.
0:04 of 3rd period - Adam Erne is hit by Mason Appleton and loses puck.
0:55 of 3rd period - Philippe Myers is hit by Nikita Nesterov and loses puck.
1:26 of 3rd period - Wrist shot by Zachary Sanford.
1:26 of 3rd period - Stopped by Garret Sparks without a rebound.
1:27 of 3rd period - Kevin Rooney wins face-off versus Patrik Laine in Condors zone.
1:54 of 3rd period - Icing by Christoph Bertschy.
1:55 of 3rd period - Christoph Bertschy wins face-off versus Tyson Jost in Senators zone.
2:02 of 3rd period - Wrist shot by Christoph Bertschy.
2:02 of 3rd period - Deflect By Zachary Sanford.
2:02 of 3rd period - Shot Misses the Net.
2:02 of 3rd period - Puck is out of play.
2:03 of 3rd period - Tyson Jost wins face-off versus Christoph Bertschy in Condors zone.
2:53 of 3rd period - Wrist shot by Jason Robertson.
2:53 of 3rd period - Shot Misses the Net.
2:55 of 3rd period - Slapshot by Brett Lernout.
2:55 of 3rd period - Goal by Brett Lernout - Condors : 4 - Senators : 2.
2:56 of 3rd period - Nick Shore wins face-off versus Mason Appleton in neutral zone.
2:59 of 3rd period - Wrist shot by Adam Erne.
2:59 of 3rd period - Deflect By Nick Shore.
2:59 of 3rd period - Goal by Nick Shore - Condors : 5 - Senators : 2.
3:00 of 3rd period - Christoph Bertschy wins face-off versus Nick Shore in neutral zone.
3:03 of 3rd period - Snap shot by Zachary Sanford.
3:03 of 3rd period - Shot Misses the Net.
3:57 of 3rd period - Slapshot by Grant Besse.
3:57 of 3rd period - Shot Blocked by Alexandre Carrier.
4:44 of 3rd period - Minor Penalty to Nick Shore for High sticking.
4:45 of 3rd period - Tyson Jost wins face-off versus Christoph Bertschy in Condors zone.
6:44 of 3rd period - Penalty to Nick Shore is over, Nick Shore is back on ice.
7:11 of 3rd period - Off-side.
7:12 of 3rd period - Nick Shore wins face-off versus Arttu Ruotsalainen in neutral zone.
7:23 of 3rd period - Snap shot by Joonas Lyytinen.
7:23 of 3rd period - Stopped by Garret Sparks with a rebound.
7:37 of 3rd period - Joonas Lyytinen is hit by Alexander Alexeyev and loses puck.
7:58 of 3rd period - C.J Suess is hit by Gustav Olofsson and loses puck.
8:11 of 3rd period - Connor Hurley is hit by Martin Fehervary and loses puck.
8:22 of 3rd period - Snap shot by Nick Shore.
8:22 of 3rd period - Deflect By Jordan Schmaltz.
8:22 of 3rd period - Stopped by David Rittich without a rebound.
8:23 of 3rd period - Nick Shore wins face-off versus Arttu Ruotsalainen in Senators zone.
8:34 of 3rd period - Snap shot by Patrik Laine.
8:34 of 3rd period - Stopped by David Rittich with a rebound.
8:36 of 3rd period - Slapshot by Alexandre Carrier.
8:36 of 3rd period - Stopped by David Rittich with a rebound.
8:48 of 3rd period - Wrist shot by Phil McRae.
8:48 of 3rd period - Shot Misses the Net.
9:15 of 3rd period - Snap shot by Zachary Sanford.
9:15 of 3rd period - Stopped by Garret Sparks with a rebound.
9:17 of 3rd period - Slapshot by Christoph Bertschy.
9:17 of 3rd period - Shot Misses the Net.
9:19 of 3rd period - Backhand shot by Mason Appleton.
9:19 of 3rd period - Deflect By Christoph Bertschy.
9:19 of 3rd period - Stopped by Garret Sparks with a rebound.
9:21 of 3rd period - Slapshot by Jordan Schmaltz.
9:21 of 3rd period - Shot Blocked by Alexander Alexeyev.
9:31 of 3rd period - Snap shot by Nick Shore.
9:31 of 3rd period - Shot Blocked by Carl Grundstrom.
9:33 of 3rd period - Snap shot by Adam Erne.
9:33 of 3rd period - Deflect By Nick Shore.
9:33 of 3rd period - Goal by Nick Shore - Condors : 6 - Senators : 2.
9:33 of 3rd period - Arvid Soderblom enters game.
9:34 of 3rd period - Nick Shore wins face-off versus Christoph Bertschy in neutral zone.
9:41 of 3rd period - Snap shot by Nick Shore.
9:41 of 3rd period - Shot Misses the Net.
10:01 of 3rd period - Alexandre Carrier is hit by Joonas Lyytinen and loses puck.
11:00 of 3rd period - Gustav Olofsson is hit by Mason Geertsen and loses puck.
11:23 of 3rd period - Snap shot by Nick Shore.
11:23 of 3rd period - Shot Blocked by Nikita Nesterov.
11:25 of 3rd period - Snap shot by Adam Erne.
11:25 of 3rd period - Stopped by Arvid Soderblom with a rebound.
11:27 of 3rd period - Slapshot by Gustav Olofsson.
11:27 of 3rd period - Stopped by Arvid Soderblom with a rebound.
11:41 of 3rd period - Snap shot by Kailer Yamamoto.
11:41 of 3rd period - Goal by Kailer Yamamoto - Condors : 7 - Senators : 2.
11:42 of 3rd period - Christoph Bertschy wins face-off versus Nick Shore in neutral zone.
11:44 of 3rd period - Jordan Schmaltz is hit by Brett Lernout and loses puck.
11:53 of 3rd period - Slapshot by Christoph Bertschy.
11:53 of 3rd period - Shot Blocked by Brett Lernout.
11:55 of 3rd period - Snap shot by Christoph Bertschy.
11:55 of 3rd period - Deflect By Mason Appleton.
11:55 of 3rd period - Goal by Mason Appleton - Condors : 7 - Senators : 3.
11:56 of 3rd period - Nick Shore wins face-off versus Christoph Bertschy in neutral zone.
12:01 of 3rd period - Slapshot by Adam Erne.
12:01 of 3rd period - Shot Misses the Net.
12:03 of 3rd period - Wrist shot by Alexandre Carrier.
12:03 of 3rd period - Shot Misses the Net.
12:05 of 3rd period - Snap shot by Brett Lernout.
12:05 of 3rd period - Deflect By Zachary Sanford.
12:05 of 3rd period - Stopped by Arvid Soderblom with a rebound.
12:07 of 3rd period - Backhand shot by Alexandre Carrier.
12:07 of 3rd period - Deflect By Zachary Sanford.
12:07 of 3rd period - Stopped by Arvid Soderblom with a rebound.
12:09 of 3rd period - Snap shot by Patrik Laine.
12:09 of 3rd period - Shot Misses the Net.
12:11 of 3rd period - Slapshot by Brett Lernout.
12:11 of 3rd period - Shot Misses the Net.
12:21 of 3rd period - Tyson Jost is hit by Carl Grundstrom and loses puck.
13:00 of 3rd period - Minor Penalty to Grant Besse for Interference.
13:01 of 3rd period - Christoph Bertschy wins face-off versus Phil McRae in Senators zone.
13:26 of 3rd period - Keegan Lowe is hit by Patrik Laine and loses puck.
15:00 of 3rd period - Penalty to Grant Besse is over, Grant Besse is back on ice.
16:20 of 3rd period - Minor Penalty to Grant Besse for Tripping.
16:21 of 3rd period - Christoph Bertschy wins face-off versus Patrik Laine in Senators zone.
17:03 of 3rd period - Snap shot by Kevin Rooney.
17:03 of 3rd period - Stopped by Garret Sparks without a rebound.
17:04 of 3rd period - Kevin Rooney wins face-off versus Nick Shore in Condors zone.
17:05 of 3rd period - Snap shot by C.J Suess.
17:05 of 3rd period - Stopped by Garret Sparks without a rebound.
17:06 of 3rd period - Nick Shore wins face-off versus Christoph Bertschy in Condors zone.
17:45 of 3rd period - Snap shot by Nick Shore.
17:45 of 3rd period - Goal by Nick Shore - Condors : 8 - Senators : 3.
17:46 of 3rd period - Tyson Jost wins face-off versus Kevin Rooney in neutral zone.
18:11 of 3rd period - Patrik Laine is hit by Jordan Schmaltz and loses puck.
18:40 of 3rd period - Slapshot by Marc Michaelis.
18:40 of 3rd period - Stopped by Garret Sparks without a rebound.
18:41 of 3rd period - Patrik Laine wins face-off versus Christoph Bertschy in Condors zone.
18:41 of 3rd period - Patrik Laine is hit by Mason Appleton.
18:52 of 3rd period - Minor Penalty to Adam Erne for Holding.
18:53 of 3rd period - Tyson Jost wins face-off versus Mason Appleton in Condors zone.
18:57 of 3rd period - Slapshot by Alexandre Carrier.
18:57 of 3rd period - Shot Misses the Net.
19:07 of 3rd period - Snap shot by Zachary Sanford.
19:07 of 3rd period - Shot Misses the Net.
19:09 of 3rd period - Backhand shot by Christoph Bertschy.
19:09 of 3rd period - Stopped by Garret Sparks with a rebound.
19:26 of 3rd period - Slapshot by Jordan Schmaltz.
19:26 of 3rd period - Stopped by Garret Sparks with a rebound.
19:28 of 3rd period - Snap shot by Jordan Schmaltz.
19:28 of 3rd period - Stopped by Garret Sparks with a rebound.
Goals for this period are 5 for Condors vs 1 for Senators.
Shots for this period are 12 for Condors vs 11 for Senators.
Output by the SimonT Hockey Simulator (STHS) for Francois Prevost